| TOP OF THE 1ST |
|---|
| Braddock Thunder Wolves batting - Pitching for Skippack Angel Fish : LHP Timothy Juran | | Pitching: LHP Timothy Juran | | | Batting: RHB Bob Bailor | 0-0: Fly out, F7 (Flyball, 7S) | | Batting: RHB Doug DeCinces | 0-0: Ball 1-0: Foul Ball, location: 2F 1-1: Called Strike 1-2: SINGLE (Line Drive, 34D) | | Batting: RHB Mario Hewitt | 0-0: Swinging Strike 0-1: Fly out, F8 (Flyball, 78M) | | Batting: RHB Enos Cabell | 0-0: Called Strike 0-1: Called Strike 0-2: Strikes out looking | | Top of the 1st over - 0 runs, 1 hit, 0 errors, 1 left on base; Braddock 0 - Skippack 0 | | BOTTOM OF THE 1ST |
|---|
| Skippack Angel Fish batting - Pitching for Braddock Thunder Wolves : RHP Nick Piazza | | Pitching: RHP Nick Piazza | | | Batting: LHB Rowland Office | 0-0: Called Strike 0-1: Called Strike 0-2: Ball 1-2: Foul Ball, location: 2F 1-2: Foul Ball, location: 2F 1-2: Ball 2-2: Ball 3-2: Base on Balls | | Batting: LHB Tony Pepper | 0-0: Ball 1-0: Ball 2-0: Foul Ball, location: 2F 2-1: Ball 3-1: Foul Ball, location: 2F 3-2: Foul Ball, location: 2F 3-2: SINGLE (Line Drive, 4MD) Rowland Office to second | | Batting: RHB Willie Norwood | 0-0: Ball 1-0: Ball 2-0: Grounds into double play, 6-4-3 (Groundball, 6) Rowland Office to third | | Batting: LHB Jorge Orta | 0-0: Called Strike 0-1: Called Strike 0-2: Ball 1-2: Ground out 6-3 (Groundball, 6) | | Bottom of the 1st over - 0 runs, 1 hit, 0 errors, 1 left on base; Braddock 0 - Skippack 0 | | TOP OF THE 2ND |
|---|
| Braddock Thunder Wolves batting - Pitching for Skippack Angel Fish : LHP Timothy Juran | | Batting: RHB Richard Guerra | 0-0: Called Strike 0-1: SINGLE (Groundball, 6MD) | | Batting: SHB Mike Hart | 0-0: Called Strike 0-1: Ball 1-1: Called Strike 1-2: Strikes out swinging | | Batting: RHB Gary Alexander | 0-0: Ball 1-0: Foul Ball, location: 2F 1-1: Ball 2-1: Ball 3-1: Foul Ball, location: 2F 3-2: Base on Balls Richard Guerra to second | | Batting: LHB Claudell Washington | 0-0: Ball 1-0: Called Strike 1-1: Swinging Strike 1-2: Ball 2-2: Ball 3-2: SINGLE (Groundball, 34D) Richard Guerra to third Gary Alexander to second Runner from 3rd tries for Home, SAFE, no throw | | Batting: LHB Carlos Sagredo | 0-0: SINGLE (Groundball, 6S) (infield hit) Gary Alexander to third Claudell Washington to second | | Batting: RHB Bob Bailor | 0-0: Fly out, F7 (Flyball, 78D) Runner from 3rd tags up, SCORES, throw made | | Batting: RHB Doug DeCinces | 0-0: Ball 1-0: Called Strike 1-1: Ball 2-1: Foul Ball, location: 2F 2-2: SINGLE (Flyball, 89S) Claudell Washington to third Carlos Sagredo to second Runner from 3rd tries for Home, SAFE, no throw | | Batting: RHB Mario Hewitt | 0-0: Called Strike 0-1: Called Strike 0-2: Strikes out looking | | Top of the 2nd over - 3 runs, 4 hits, 0 errors, 2 left on base; Braddock 3 - Skippack 0 | | BOTTOM OF THE 2ND |
|---|
| Skippack Angel Fish batting - Pitching for Braddock Thunder Wolves : RHP Nick Piazza | | Batting: RHB George Theodore | 0-0: Ball 1-0: Called Strike 1-1: Fly out, F7 (Flyball, 7) | | Batting: RHB Ron Pruitt | 0-0: SINGLE (Line Drive, 4D) | | Batting: RHB Joseph Barkauskas | 0-0: Called Strike 0-1: Foul Ball, location: 2F 0-2: Ball 1-2: Ball 2-2: Ball 3-2: Base on Balls Ron Pruitt to second | | Batting: RHB Ronald DeFeo | 0-0: Ball 1-0: Fly out, F8 (Flyball, 8RS) | | Batting: RHB Jeff Schumaker | 0-0: Called Strike 0-1: Ball 1-1: Ball 2-1: Called Strike 2-2: SINGLE (Groundball, 6MD) Ron Pruitt to third Joseph Barkauskas to second Runner from 3rd tries for Home, SAFE, no throw | | Batting: LHB Rowland Office | 0-0: Ball 1-0: Swinging Strike 1-1: Swinging Strike 1-2: Ball 2-2: Foul Ball, location: 2F 2-2: Ball 3-2: Base on Balls Joseph Barkauskas to third Jeff Schumaker to second | | Batting: LHB Tony Pepper | 0-0: Called Strike 0-1: SINGLE (Groundball, 34D) Joseph Barkauskas scores Jeff Schumaker to third Rowland Office to second Runner from 3rd tries for Home, SAFE, no throw | | Batting: RHB Willie Norwood | 0-0: Called Strike 0-1: Swinging Strike 0-2: Strikes out swinging | | Bottom of the 2nd over - 3 runs, 3 hits, 0 errors, 2 left on base; Braddock 3 - Skippack 3 | | TOP OF THE 3RD |
|---|
| Braddock Thunder Wolves batting - Pitching for Skippack Angel Fish : LHP Timothy Juran | | Batting: RHB Enos Cabell | 0-0: Fly out, F8 (Flyball, 8RXD) | | Batting: RHB Richard Guerra | 0-0: Ball 1-0: SINGLE (Groundball, 56D) | | Batting: SHB Mike Hart | 0-0: Ball 1-0: Swinging Strike 1-1: SINGLE (Groundball, 4) (infield hit) Richard Guerra to second | | Batting: RHB Gary Alexander | 0-0: Ball 1-0: Swinging Strike 1-1: Ball 2-1: Swinging Strike 2-2: Foul Ball, location: 2F 2-2: Strikes out swinging | | Batting: LHB Claudell Washington | 0-0: Foul Ball, location: 2F 0-1: Fly out, F8 (Flyball, 8RD) | | Top of the 3rd over - 0 runs, 2 hits, 0 errors, 2 left on base; Braddock 3 - Skippack 3 | | BOTTOM OF THE 3RD |
|---|
| Skippack Angel Fish batting - Pitching for Braddock Thunder Wolves : RHP Nick Piazza | | Batting: LHB Jorge Orta | 0-0: SINGLE (Groundball, 56D) | | Batting: RHB George Theodore | 0-0: Ball 1-0: Ball 2-0: Ball 3-0: Base on Balls Jorge Orta to second | | Batting: RHB Ron Pruitt | 0-0: Called Strike 0-1: Ball 1-1: Called Strike 1-2: SINGLE (Line Drive, 7LS) Jorge Orta to third George Theodore to second | | Batting: RHB Joseph Barkauskas | 0-0: Called Strike 0-1: Swinging Strike 0-2: Ball 1-2: Ball 2-2: Fly out, F7 (Flyball, 7S) | | Batting: RHB Ronald DeFeo | 0-0: SINGLE (Line Drive, 7S) Jorge Orta scores George Theodore to third Ron Pruitt to second Runner from 3rd tries for Home, SAFE, throw made home | | Batting: RHB Jeff Schumaker | 0-0: SINGLE (Groundball, 34) (infield hit) Ron Pruitt to third Ronald DeFeo to second | | Batting: LHB Rowland Office | 0-0: Called Strike 0-1: Foul Ball, location: 2F 0-2: Ball 1-2: Ball 2-2: Ball 3-2: Fly out, F7 (Line Drive, 7S) Runner from 3rd tags up, SCORES, throw made | | Batting: LHB Tony Pepper | 0-0: Ball 1-0: Called Strike 1-1: Foul Ball, location: 2F 1-2: Ball 2-2: Ball 3-2: Foul Ball, location: 2F 3-2: Ground out 4-3 (Groundball, 4) | | Bottom of the 3rd over - 3 runs, 4 hits, 0 errors, 2 left on base; Braddock 3 - Skippack 6 | | TOP OF THE 4TH |
|---|
| Braddock Thunder Wolves batting - Pitching for Skippack Angel Fish : LHP Timothy Juran | | Batting: LHB Carlos Sagredo | 0-0: Ball 1-0: Swinging Strike 1-1: Ball 2-1: Ball 3-1: Swinging Strike 3-2: Strikes out looking | | Batting: RHB Bob Bailor | 0-0: Ball 1-0: Ball 2-0: Called Strike 2-1: Ground out 3-1 (Groundball, 34) | | Batting: RHB Doug DeCinces | 0-0: Called Strike 0-1: Ball 1-1: Ball 2-1: Ball 3-1: Base on Balls | | Batting: RHB Mario Hewitt | 0-0: Ball Doug DeCinces steals 2nd base 1-0: Called Strike 1-1: Ball 2-1: Ball 3-1: DOUBLE (Line Drive, 7LM) Doug DeCinces scores | | Pitching: RHP Dave Freisleben | | | Batting: RHB Enos Cabell | 0-0: Ball 1-0: Ball 2-0: Called Strike 2-1: SINGLE (Groundball, 6MD) Mario Hewitt to third Runner from 3rd tries for Home, SAFE, throw made home | | Batting: RHB Richard Guerra | 0-0: Ball 1-0: Called Strike 1-1: Swinging Strike 1-2: Strikes out looking | | Top of the 4th over - 2 runs, 2 hits, 0 errors, 1 left on base; Braddock 5 - Skippack 6 | | BOTTOM OF THE 4TH |
|---|
| Skippack Angel Fish batting - Pitching for Braddock Thunder Wolves : RHP Nick Piazza | | Batting: RHB Willie Norwood | 0-0: Called Strike 0-1: Ball 1-1: DOUBLE (Line Drive, 89D) | | Batting: LHB Jorge Orta | 0-0: Ball 1-0: Swinging Strike 1-1: Ball 2-1: DOUBLE (Line Drive, 89XD) Willie Norwood scores | | Pitching: RHP Jim Barr | | | Batting: RHB George Theodore | 0-0: Ball 1-0: Called Strike 1-1: Ball 2-1: Swinging Strike 2-2: Reached on error, E5 (Groundball, 5) Jorge Orta to third | | Batting: RHB Ron Pruitt | 0-0: Called Strike 0-1: Ball 1-1: DOUBLE (Groundball, 5L) Jorge Orta scores George Theodore to third | | Batting: RHB Joseph Barkauskas | 0-0: SINGLE (Flyball, 9LS) George Theodore scores Ron Pruitt to third Runner from 3rd tries for Home, SAFE, no throw | | Batting: RHB Ronald DeFeo | 0-0: Called Strike 0-1: Ball 1-1: Grounds into double play, 5-4-3 (Groundball, 56) | | Batting: RHB Jeff Schumaker | 0-0: Ball 1-0: Ground out 6-3 (Groundball, 6M) | | Bottom of the 4th over - 4 runs, 4 hits, 1 error, 0 left on base; Braddock 5 - Skippack 10 | | TOP OF THE 5TH |
|---|
| Braddock Thunder Wolves batting - Pitching for Skippack Angel Fish : RHP Dave Freisleben | | Batting: SHB Mike Hart | 0-0: Ball 1-0: Ball 2-0: Foul Ball, location: 2F 2-1: Ball 3-1: Base on Balls | | Batting: RHB Gary Alexander | 0-0: Swinging Strike 0-1: Swinging Strike 0-2: Strikes out swinging | | Batting: LHB Claudell Washington | 0-0: Ball 1-0: Swinging Strike 1-1: Foul Ball, location: 2F 1-2: Strikes out looking Mike Hart steals 2nd base Batter strikes out. | | Batting: LHB Carlos Sagredo | 0-0: Foul Ball, location: 2F 0-1: Ball 1-1: Foul Ball, location: 2F 1-2: Strikes out looking | | Top of the 5th over - 0 runs, 0 hits, 0 errors, 1 left on base; Braddock 5 - Skippack 10 | | BOTTOM OF THE 5TH |
|---|
| Skippack Angel Fish batting - Pitching for Braddock Thunder Wolves : RHP Jim Barr | | Batting: LHB Rowland Office | 0-0: Foul Ball, location: 2F 0-1: Called Strike 0-2: Ground out 4-3 (Groundball, 4) | | Batting: LHB Tony Pepper | 0-0: Ball 1-0: Ball 2-0: Ball 3-0: Called Strike 3-1: Fly out, F3 (Popup, 3SF) | | Batting: RHB Willie Norwood | 0-0: Foul Ball, location: 2F 0-1: Ball 1-1: Fly out, F9 (Flyball, 89D) | | Bottom of the 5th over - 0 runs, 0 hits, 0 errors, 0 left on base; Braddock 5 - Skippack 10 | | TOP OF THE 6TH |
|---|
| Braddock Thunder Wolves batting - Pitching for Skippack Angel Fish : RHP Dave Freisleben | | Batting: RHB Bob Bailor | 0-0: Called Strike 0-1: Swinging Strike 0-2: Foul Ball, location: 2F 0-2: Ball 1-2: Fly out, F7 (Flyball, 7) | | Batting: RHB Doug DeCinces | 0-0: Foul Ball, location: 2F 0-1: Ground out 1-3 (Groundball, 15S) | | Batting: RHB Mario Hewitt | 0-0: Ball 1-0: Ball 2-0: Called Strike 2-1: Foul Ball, location: 2F 2-2: Foul Ball, location: 2F 2-2: SOLO HOME RUN (Flyball, 7LD), Distance : 384 ft | | Batting: RHB Enos Cabell | 0-0: Called Strike 0-1: Called Strike 0-2: Strikes out swinging | | Top of the 6th over - 1 run, 1 hit, 0 errors, 0 left on base; Braddock 6 - Skippack 10 | | BOTTOM OF THE 6TH |
|---|
| Skippack Angel Fish batting - Pitching for Braddock Thunder Wolves : RHP Jim Barr | | Batting: LHB Jorge Orta | 0-0: Foul Ball, location: 2F 0-1: DOUBLE (Line Drive, 7LD) | | Batting: RHB George Theodore | 0-0: Called Strike 0-1: Ball 1-1: Swinging Strike 1-2: Strikes out swinging, 2-3 out at first. | | Batting: RHB Ron Pruitt | 0-0: Called Strike 0-1: Ball 1-1: Ball 2-1: Called Strike 2-2: Ground out 6-3 (Groundball, 6) Jorge Orta to third | | Batting: RHB Joseph Barkauskas | 0-0: Ball 1-0: Ball 2-0: Ball 3-0: Base on Balls | | Batting: RHB Ronald DeFeo | 0-0: Ball 1-0: Foul Ball, location: 2F 1-1: Called Strike 1-2: Strikes out swinging | | Bottom of the 6th over - 0 runs, 1 hit, 0 errors, 2 left on base; Braddock 6 - Skippack 10 | | TOP OF THE 7TH |
|---|
| Braddock Thunder Wolves batting - Pitching for Skippack Angel Fish : RHP Dave Freisleben | | Batting: RHB Richard Guerra | 0-0: Called Strike 0-1: Foul Ball, location: 2F 0-2: Ball 1-2: Ball 2-2: Fly out, F9 (Flyball, 9D) | | Batting: SHB Mike Hart | 0-0: Ball 1-0: Ball 2-0: Called Strike 2-1: Foul Ball, location: 2F 2-2: Foul Ball, location: 2F 2-2: Foul Ball, location: 2F 2-2: Strikes out looking | | Batting: RHB Gary Alexander | 0-0: Foul Ball, location: 2F 0-1: Fly out, F9 (Flyball, 89S) | | Top of the 7th over - 0 runs, 0 hits, 0 errors, 0 left on base; Braddock 6 - Skippack 10 | | BOTTOM OF THE 7TH |
|---|
| Skippack Angel Fish batting - Pitching for Braddock Thunder Wolves : RHP Jim Barr | | Batting: RHB Jeff Schumaker | 0-0: Called Strike 0-1: Fly out, F8 (Flyball, 8LD) | | Batting: LHB Rowland Office | 0-0: Ball 1-0: SINGLE (Line Drive, 9S) | | Batting: LHB Tony Pepper | 0-0: Foul Ball, location: 2F 0-1: Foul Ball, location: 2F 0-2: Ball 1-2: Ball 2-2: Ground out 4-3 (Groundball, 34D) Rowland Office to second | | Batting: RHB Willie Norwood | 0-0: Ball 1-0: Fly out, F8 (Line Drive, 8RD) | | Bottom of the 7th over - 0 runs, 1 hit, 0 errors, 1 left on base; Braddock 6 - Skippack 10 | | TOP OF THE 8TH |
|---|
| Braddock Thunder Wolves batting - Pitching for Skippack Angel Fish : RHP Dave Freisleben | | Pitching: RHP Kurt Best | | | Batting: LHB Claudell Washington | 0-0: Ball 1-0: Ball 2-0: SOLO HOME RUN (Flyball, 9D), Distance : 377 ft | | Batting: LHB Carlos Sagredo | 0-0: Fly out, F6 (Popup, 56) | | Batting: RHB Bob Bailor | 0-0: Ground out 5-3 (Groundball, 5L) | | Batting: RHB Doug DeCinces | 0-0: Ball 1-0: Called Strike 1-1: Ball 2-1: Ball 3-1: Called Strike 3-2: Ground out 6-3 (Groundball, 6D) | | Top of the 8th over - 1 run, 1 hit, 0 errors, 0 left on base; Braddock 7 - Skippack 10 | | BOTTOM OF THE 8TH |
|---|
| Skippack Angel Fish batting - Pitching for Braddock Thunder Wolves : RHP Jim Barr | | Batting: LHB Jorge Orta | 0-0: Called Strike 0-1: Foul Ball, location: 2F 0-2: Ball 1-2: Fly out, F3 (Popup, 3SF) | | Batting: RHB George Theodore | 0-0: Foul Ball, location: 2F 0-1: Ball 1-1: Ball 2-1: Ball 3-1: Called Strike 3-2: Fly out, F7 (Flyball, 7LS) | | Batting: RHB Ron Pruitt | 0-0: Ball 1-0: Ball 2-0: Foul Ball, location: 2F 2-1: Ball 3-1: Foul Ball, location: 2F 3-2: Base on Balls | | Pitching: LHP Mike Caldwell | | | Batting: RHB Joseph Barkauskas | 0-0: Swinging Strike 0-1: Ball 1-1: Called Strike 1-2: Ball 2-2: Strikes out swinging | | Bottom of the 8th over - 0 runs, 0 hits, 0 errors, 1 left on base; Braddock 7 - Skippack 10 | | TOP OF THE 9TH |
|---|
| Braddock Thunder Wolves batting - Pitching for Skippack Angel Fish : RHP Kurt Best | | Now at 2B: Tim Foli | | | Now at SS: Brian Ostrosser | | | Batting: RHB Mario Hewitt | 0-0: Ball 1-0: Ball 2-0: Ball 3-0: Called Strike 3-1: Foul Ball, location: 2F 3-2: Base on Balls | | Batting: RHB Enos Cabell | 0-0: Hit by Pitch Mario Hewitt to second | | Batting: RHB Richard Guerra | 0-0: SINGLE (Groundball, 4MS) (infield hit) Mario Hewitt to third Enos Cabell to second | | Batting: SHB Mike Hart | 0-0: Called Strike 0-1: Swinging Strike 0-2: Ball 1-2: Foul Ball, location: 2F 1-2: Ball 2-2: Foul Ball, location: 2F 2-2: Strikes out swinging | | Pinch Hitting: LHB Mike Reinbach | 0-0: Called Strike 0-1: Ball 1-1: Ball 2-1: Ball 3-1: Base on Balls Mario Hewitt scores Enos Cabell to third Richard Guerra to second | | Pitching: RHP Al Wihtol | | | Batting: LHB Claudell Washington | 0-0: Foul Ball, location: 2F 0-1: Foul Ball, location: 2F 0-2: Ball 1-2: Ball 2-2: Ball 3-2: Strikes out swinging | | Batting: LHB Carlos Sagredo | 0-0: Called Strike 0-1: Swinging Strike 0-2: Strikes out swinging | | Top of the 9th over - 1 run, 1 hit, 0 errors, 3 left on base; Braddock 8 - Skippack 10 | |